 Dungeon Crawl Stone Soup version 0.30-a0-253-g6b895097cc (webtiles) character file.

Game seed: 5256370208116802984

548103 RuneEater the Sorcerer (level 24, -1/140 HPs)
             Began as a Felid Earth Elementalist on Oct 12, 2022.
             Was the Champion of Vehumet.
             Slain by an orange demon (6 damage)
             ... led by a cacodemon
             ... in Pandemonium on Oct 13, 2022.
             The game lasted 10:14:44 (117971 turns).

RuneEater the Sorcerer (Felid Earth Elementalist) Turns: 117971, Time: 10:14:44

Health: -1/140     AC:  9    Str:  4    XL:     24   Next: 36%
Magic:  27/52      EV: 34    Int: 33    God:    Vehumet [******]
Gold:   2834       SH:  0    Dex: 17    Spells: 5/71 levels left
                                        Lives:  0   Deaths: 7

rFire   + + .      SeeInvis +      - Unarmed
rCold   + + +      Faith    .    (shield unavailable)
rNeg    + + +      Spirit   .    (body armour unavailable)
rPois   ∞          Reflect  .    (helmet unavailable)
rElec   .          Harm     .    (cloak unavailable)
rCorr   .          Rampage  .    (gloves unavailable)
Will    ++++.                    (boots unavailable)
Stlth   +++.......               L - amulet of magic regeneration
HPRegen 0.43/turn                R - ring "Fioloemm" {rF+ rC+ Int+6}
MPRegen 0.73/turn                D - ring "Eshadgh" {+Blink rF+ rN+}

@: about to teleport, lich-form, studying 2 skills, quick
A: draining attack, torment immunity, no potions, very small, claws 1, fangs 3,
see invisible, speed 1, shaggy fur 3, stealthy paws, no weapons or thrown items,
no armour, multi-lived, antennae 1, robust 1
}: 4/15 runes: decaying, serpentine, slimy, silver
a: End Transformation, Renounce Religion, Evoke Blink


You were in Pandemonium.
You worshipped Vehumet.
Vehumet was exalted by your worship.
You were an undead lich.
You visited 13 branches of the dungeon, and saw 53 of its levels.
You visited Pandemonium 1 time, and saw 1 of its levels.
You visited the Abyss 2 times.
You also visited: Trove.

You collected 8477 gold pieces.
You spent 5643 gold pieces at shops.

Inventory:

Jewellery
 m - the amulet "Wedag" {Reflect Rampage rElec Str+2 Int+3 SH+5}
   (You found it in a treasure trove)

   [amulet of reflection]

   It reflects blocked missile attacks.
   Str:       It affects your strength (+2).
   Int:       It affects your intelligence (+3).
   rElec:     It insulates you from electricity.
   SH:        It affects your SH (+5).
   Rampage:   It bestows one free step when moving towards enemies.
 r - the amulet "Zicwobar" {Drain Regen+ rCorr Int+4}
   (You found it on level 3 of the Crypt)

   [amulet of regeneration]

   Int:       It affects your intelligence (+4).
   Regen:     It increases your rate of health regeneration.
   rCorr:     It protects you from acid and corrosion.
   Drain:     It drains your maximum health when unequipped.
 t - the ring of Riug {rElec rC+}
   (You found it on level 3 of the Vaults)

   [ring of protection from cold]

   rC:        It protects you from cold.
   rElec:     It insulates you from electricity.
 v - the ring "Unog" {Fire Will++ Str+2 Dex+4 Stlth+}
   (You found it on level 3 of the Elven Halls)

   [ring of fire]

   It enhances your fire magic.
   Str:       It affects your strength (+2).
   Dex:       It affects your dexterity (+4).
   rF:        It protects you from fire.
   rC:        It makes you vulnerable to cold.
   Will:      It greatly increases your willpower.
   Stlth:     It makes you more stealthy.
 y - an amulet of regeneration
 A - the ring of Vodatucs {rPois rN+ rCorr SInv}
   (You found it on level 2 of the Elven Halls)

   [ring of see invisible]

   rPois:     It protects you from poison.
   rN:        It protects you from negative energy.
   SInv:      It lets you see invisible.
   rCorr:     It protects you from acid and corrosion.
 B - the ring of Ufoetuki {Will+ MP+9}
   (You found it on level 8 of the Dungeon)

   [ring of willpower]

   MP:        It affects your magic capacity (+9).
   Will:      It increases your willpower.
 C - a ring of flight
 D - the ring "Eshadgh" (right paw) {+Blink rF+ rN+}
   (You found it on level 3 of the Crypt)

   [ring of positive energy]

   rF:        It protects you from fire.
   rN:        It protects you from negative energy.
   +Blink:    It lets you blink.
 L - an amulet of magic regeneration (around neck)
 Q - the ring "Vimyucri" {rElec rF- rC+ rN+ rCorr Stlth-}
   (You found it on level 3 of the Elven Halls)

   [ring of protection from cold]

   rF:        It makes you vulnerable to fire.
   rC:        It protects you from cold.
   rElec:     It insulates you from electricity.
   rN:        It protects you from negative energy.
   rCorr:     It protects you from acid and corrosion.
   Stlth:     It makes you less stealthy.
 R - the ring "Fioloemm" (left paw) {rF+ rC+ Int+6}
   (You acquired it on level 13 of the Dungeon)

   [ring of intelligence]

   Int:       It affects your intelligence (+6).
   rF:        It protects you from fire.
   rC:        It protects you from cold.
 W - the amulet of Refuwo {Reflect rPois rN+ SH+5}
   (You found it on level 3 of the Vaults)

   [amulet of reflection]

   It reflects blocked missile attacks.
   rPois:     It protects you from poison.
   rN:        It protects you from negative energy.
   SH:        It affects your SH (+5).
Wands
 n - a wand of charming (67)
 q - a wand of mindburst (18)
 F - a wand of polymorph (51)
 I - a wand of flame (87)
 J - a wand of roots (51)
 V - a wand of light (16)
 X - a wand of digging (19)
Scrolls
 c - 12 scrolls of fog
 f - 4 scrolls of silence
 g - 11 scrolls of magic mapping
 j - 14 scrolls of teleportation
 l - 3 scrolls of torment
 o - 4 scrolls of summoning
 p - 8 scrolls of blinking
 s - 8 scrolls of fear
 u - 10 scrolls of amnesia
 G - 6 scrolls of immolation
 S - 11 scrolls of poison
 Z - 12 scrolls of noise
Potions
 a - 5 potions of magic
 d - 5 potions of might
 e - 3 potions of heal wounds
 h - 2 potions of resistance
 i - 12 potions of mutation
 w - 6 potions of brilliance
 x - 8 potions of haste
 z - 7 potions of flight
 E - a potion of cancellation
 K - 10 potions of lignification
 N - 2 potions of berserk rage
 T - 6 potions of curing
 U - 3 potions of invisibility
Miscellaneous
 b - a piece from Xom's chessboard (15/15)
 k - a lightning rod (4/4)
 H - a tin of tremorstones (2/2)
 M - a box of beasts
 O - a phantom mirror
 P - a condenser vane
 Y - a phial of floods


   Skills:
 - Level 23.0 Fighting
 - Level 22.0 Dodging
 - Level 5.0 Stealth
 - Level 13.0 Unarmed Combat
 - Level 24.0 Spellcasting
 - Level 7.0 Conjurations
 + Level 5.7 Hexes
 - Level 15.1 Necromancy
 - Level 2.0 Translocations
 - Level 15.0 Transmutations
 - Level 17.0 Earth Magic
 - Level 7.0 Evocations


You had 5 spell levels left.
You knew the following spells:

 Your Spells              Type           Power      Damage    Failure   Level
a - Borgnjor's Vile Clut  Necr/Erth      60%        N/A       1%          5
b - Stone Arrow           Conj/Erth      100%       3d13      0%          3
c - Iron Shot             Conj/Erth      43%        9d8       1%          6
d - Passwall              Tmut/Erth      81%        N/A       0%          2
e - Statue Form           Tmut/Erth      65%        N/A       1%          6
f - Lee's Rapid Deconstr  Erth           50%        3d25*     0%          5
g - Shatter               Erth           50%        3d38*     17%         9
h - Blink                 Tloc           100%       N/A       1%          2
i - Irradiate             Conj/Tmut      42%        3d25      1%          5
j - Necromutation         Tmut/Necr      59%        N/A       9%          8
k - Apportation           Tloc           100%       N/A       1%          1
l - Yara's Violent Unrav  Hex/Tmut       41%        3d16      1%          5
m - Polar Vortex          Ice            19%        N/A       100%        9

Your spell library contained the following spells:

 Spells                   Type           Power      Damage    Failure   Level
 Beastly Appendage        Tmut           100%       N/A       0%          1
 Necrotise                Necr           100%       1d9       0%          1
 Sandblast                Erth           100%       2d20      0%          1
 Vampiric Draining        Necr           100%       2d13      0%          3
 Animate Dead             Necr           100%       N/A       0%          4
 Dispel Undead            Necr           100%       3d31      0%          4
 Petrify                  Tmut/Erth      98%        N/A       0%          4
 Foxfire                  Conj/Fire      100%       2x1d9     1%          1
 Freeze                   Ice            100%       1d10      1%          1
 Magic Dart               Conj           100%       1d8       1%          1
 Shock                    Conj/Air       100%       1d9       1%          1
 Sting                    Tmut/Pois      100%       1d8       1%          1
 Summon Small Mammal      Summ           100%       N/A       1%          1
 Call Imp                 Summ           39%        N/A       1%          2
 Cigotuvi's Dreadful Rot  Necr/Pois/Air  100%       N/A       1%          2
 Ensorcelled Hibernation  Hex/Ice        100%       N/A       1%          2
 Momentum Strike          Conj/Tloc      100%       3d10      1%          2
 Poisonous Vapours        Pois/Air       78%        N/A       1%          2
 Scorch                   Fire           78%        2d8       1%          2
 Static Discharge         Conj/Air       100%       2-7/arc   1%          2
 Dazzling Flash           Conj/Hex       100%       N/A       1%          3
 Frozen Ramparts          Ice            78%        1d12      1%          3
 Hailstorm                Conj/Ice       58%        3d13      1%          3
 Ignite Poison            Fire/Tmut/Pois 64%        N/A       1%          3
 Kindle Blastsparks       Fire/Tloc/Air  86%        2d17      1%          3
 Lesser Beckoning         Tloc           100%       N/A       1%          3
 Mephitic Cloud           Conj/Pois/Air  53%        N/A       1%          3
 Ozocubu's Armour         Ice            39%        N/A       1%          3
 Spider Form              Tmut/Pois      73%        N/A       1%          3
 Tukima's Dance           Hex            67%        N/A       1%          3
 Vhi's Electric Charge    Tloc/Air       92%        N/A       1%          3
 Airstrike                Air            19%        2d(3-19)  1%          4
 Flame Wave               Conj/Fire      58%        2d14      1%          4
 Fulminant Prism          Conj/Hex       34%        3d16      1%          4
 Ice Form                 Ice/Tmut       73%        N/A       1%          4
 Iskenderun's Mystic Bla  Conj/Tloc      62%        2d13      1%          4
 Olgreb's Toxic Radiance  Pois           39%        N/A       1%          4
 Sticky Flame             Conj/Fire      58%        2d7       1%          4
 Agony                    Necr           100%       N/A       1%          5
 Alistair's Intoxication  Tmut/Pois      48%        N/A       1%          5
 Arcjolt                  Conj/Air       29%        1d39      1%          5
 Blade Hands              Tmut           47%        N/A       1%          5
 Fireball                 Conj/Fire      29%        3d13      1%          5
 Iskenderun's Battlesphe  Conj           72%        2d12      1%          5
 Lightning Bolt           Conj/Air       29%        1d45      1%          5
 Manifold Assault         Tloc           51%        N/A       3%          4
 Passage of Golubria      Tloc           51%        N/A       3%          4
 Metabolic Englaciation   Hex/Ice        27%        N/A       6%          5
 Silence                  Hex/Air        27%        N/A       6%          5
 Summon Mana Viper        Hex/Summ       55%        N/A       6%          5
 Summon Lightning Spire   Summ/Air       39%        N/A       7%          4
 Summon Forest            Summ/Tloc      23%        N/A       12%         5
 Death Channel            Necr           59%        N/A       1%          6
 Eringya's Noxious Bog    Tmut/Pois      36%        N/A       1%          6
 Dragon Form              Tmut           47%        N/A       1%          7
 Simulacrum               Ice/Necr       47%        N/A       4%          6
 Starburst                Conj/Fire      29%        6d9       7%          6
 Borgnjor's Revivificati  Necr           59%        N/A       9%          8
 Infestation              Necr           59%        N/A       9%          8
 Lehudib's Crystal Spear  Conj/Erth      43%        10d11     9%          8
 Haunt                    Necr/Summ      47%        N/A       26%         7
 Storm Form               Tmut/Air       36%        N/A       26%         7
 Spellforged Servitor     Conj/Summ      29%        N/A       32%         7
 Dispersal                Tloc           25%        N/A       41%         6
 Enfeeble                 Hex            33%        N/A       50%         7
 Summon Cactus Giant      Summ           19%        N/A       71%         6
 Ozocubu's Refrigeration  Ice            19%        4d11      78%         7
 Death's Door             Necr           59%        N/A       80%         9
 Malign Gateway           Summ/Tloc      23%        N/A       98%         7
 Disjunction              Tloc           25%        N/A       100%        8
 Ignition                 Fire           19%        3d7       100%        8
 Summon Horrible Things   Summ           19%        N/A       100%        8
 Chain Lightning          Conj/Air       29%        3d38      100%        9
 Fire Storm               Conj/Fire      29%        8d7       100%        9
 Portal Projectile        Hex/Tloc       Unusable   N/A       N/A         3

Dungeon Overview and Level Annotations

Branches:
Dungeon (15/15) Zot: 24459  Temple (1/1) D:6 Zot: 5817    Lair (5/5) D:8 Zot: 19082
  Swamp (4/4) Lair:2 Zot: 17685   Snake (4/4) Lair:3 Zot: 8883   Slime (5/5) Lair:5 Zot: 24009
    Orc (2/2) D:12 Zot: 15105     Elf (3/3) Orc:2 Zot: 10999  Vaults (5/5) D:14 Zot: 10737
  Crypt (3/3) Vaults:2 Zot: 10312    Tomb (1/3) Crypt:3 Zot: 3665  Depths (4/4) D:15 Zot: 17324
    Zot (1/5) Depths:4 Zot: 5785

Altars:
Ashenzari
Cheibriados
Dithmenos
Elyvilon
Fedhas
Gozag
Hepliaklqana
Kikubaaqudgha
Makhleb
Nemelex Xobeh
Okawaru
Qazlal
Ru
Sif Muna
Trog
Uskayaw
Vehumet
Wu Jian
Xom
Yredelemnul
Zin
The Shining One
Jiyva

Shops:
D:2 !:[   D:12 *   D:13 ?   Orc:2 [!:   Elf:1 (   Elf:3 :?((   Snake:1 ([
Snake:3 [   Vaults:2 *   Vaults:3 ?   Depths:1 :

Portals:
Hell: Depths:1 Depths:2 Depths:3 Depths:4
Abyss: Depths:3
Pandemonium: Depths:1 Depths:2 Depths:4
Ziggurat: Depths:2

Annotations:
D:10 exclusion: door
D:11 Harold
Lair:3 2 transporters
Swamp:4 Roxanne
Snake:2 Vashnia
Snake:4 1 runed translucent door, Gargoyl's ghost, adept GrBe; Mara
Vaults:1 3 runed translucent doors, Ijustatesigmund's ghost, adept GrFi
Vaults:3 2 transporters
Crypt:1 1 transporter, Bauwoixt's ghost, veteran GrFi; Dihet's ghost, veteran MiBe
Crypt:2 Dihet's ghost, veteran MiBe
Depths:2 2 transporters
Depths:3 Boris
Depths:4 exclusion: downstairs
Pan Ignacio


Innate Abilities, Weirdness & Mutations

You are an undead lich.
Your unarmed attacks are suffused with negative energy.
You are immune to unholy pain and torment.
Your necromantic spells are more powerful.
You cannot drink.
You are immune to poison.
You have sharp claws.
You have razor-sharp teeth.
You have supernaturally acute eyesight. (SInv)
You cover ground quickly. (Speed+)
Your thick and shaggy fur keeps you warm. (AC +3, rC+)
Your paws help you pounce on unaware monsters.
You are incapable of wielding weapons or throwing items.
You cannot wear armour.
You gain extra lives every three experience levels.
You have a pair of small antennae on your head.
You are robust. (+10% HP)


Message History

The cacodemon struggles to escape constriction.
Aiming: Iron Shot (mildly dangerous; 1% risk of failure)
Press: ? - help, Shift-Dir - straight line, f - sixfirhy, p - cacodemon
Aim: a sixfirhy (moderately wounded, constricted by zombie hands, 89% to hit)
The iron shot hits the sixfirhy!!!
You kill the sixfirhy!
Vehumet accepts your kill.
You feel your power returning.
The zombie hands constrict the cacodemon!
The cacodemon struggles to escape constriction.
You closely miss the sixfirhy. Your claw misses the sixfirhy.
The zombie hands constrict the cacodemon.
A Tzitzimitl comes into view.
The cacodemon struggles to escape constriction.
The sixfirhy hits you.
* * * LOW HITPOINT WARNING * * *
The sixfirhy shocks you!
* * * LOW HITPOINT WARNING * * *
Aiming: Borgnjor's Vile Clutch (safe; 1% risk of failure)
Press: ? - help, Shift-Dir - straight line
Okay, then.
Aiming: Iron Shot (mildly dangerous; 1% risk of failure)
Press: ? - help, Shift-Dir - straight line, f - sixfirhy
Aim: a sixfirhy (46% to hit)
The iron shot misses the sixfirhy.
The iron shot hits the orange demon!!
The orange demon is heavily wounded.
The zombie hands constrict the cacodemon!
The sixfirhy completely misses you. x2; The sixfirhy barely misses you.
The sixfirhy misses you.
The cacodemon struggles to escape constriction.
Unknown command.
As you read the scroll of teleportation, it crumbles to dust.
You feel strangely unstable.
The zombie hands constrict the cacodemon!!
The sixfirhy hits you!
* * * LOW HITPOINT WARNING * * *
The sixfirhy shocks you!
* * * LOW HITPOINT WARNING * * *
The sixfirhy completely misses you. x2; The orange demon stings you from afar.
You die...

##########+###+#####
#....43L............
....................
....................
..1.................
.2..................
....................
....................
.####........^...###
+..............


You could see a Tzitzimitl, a cacodemon (clutched), an orange demon and a
sixfirhy.

Vanquished Creatures
  the Royal Jelly (Slime:5)
  2 dread liches (Vaults:4)
  4 ancient liches
  2 royal mummies (Tomb:1)
  Saint Roka (Snake:3)
  Xtahua (Crypt:2)
  A caustic shrike (Depths:3)
  Nikola (Vaults:1)
  3 golden dragons
  3 bone dragons
  2 hellephants (Depths:1)
  Rupert (D:12)
  6 tentacled monstrosities
  Mlioglotl (Swamp:3)
  3 titans
  10 liches
  3 deep elf blademasters
  A walking earthen tome (Depths:3)
  A shard shrike skeleton (Crypt:2)
  2 deep elf master archers (Elf:3)
  The ghost of Zoites the Severer, an adept NaFi of Cheibriados (Snake:1)
  8 ancient champions
  4 quicksilver dragons
  27 acid blobs
  13 sphinxes
  A tentacled starspawn (Abyss:2)
  Agnes (D:14)
  4 tengu reavers
  Donald (Swamp:1)
  3 shadow dragons
  6 storm dragons
  15 fire giants
  7 azure jellies
  18 nagarajas
  7 revenants
  A draconian knight (Depths:4)
  3 deep elf sorcerers (Elf:3)
  8 frost giants
  11 rockslimes
  15 vault wardens
  A balrug (Abyss:2)
  An iron dragon (Vaults:5)
  Aizul (Snake:4)
  A draconian scorcher (Depths:4)
  Louise (Abyss:2)
  An orc warlord (Vaults:2)
  2 reapers
  A draconian shifter (Depths:4)
  4 curse skulls
  5 spriggan defenders
  A caustic shrike zombie (Depths:2)
  5 ghouls
  2 draconian annihilators
  15 very ugly things
  A juggernaut skeleton (Crypt:3)
  22 ironbound preservers
  15 quicksilver oozes
  6 war gargoyles
  6 deep elf demonologists
  3 eleionomae
  14 stone giants
  2 bennus (Tomb:1)
  A black draconian (Depths:4)
  8 vampire knights
  4 ironbound thunderhulks
  A green draconian (Depths:4)
  A yellow draconian (Zot:1)
  3 white draconians
  5 deep elf annihilators
  10 dire elephants
  4 bunyips
  2 purple draconians (Depths:4)
  3 red draconians (Depths:4)
  Snorg (Orc:1)
  6 ettins
  Josephine (D:11)
  8 deep elf death magi
  6 eidola
  3 mummy priests (Tomb:1)
  4 fire dragons
  A quicksilver dragon zombie (Abyss:2)
  Fannar (Lair:1)
  17 yaktaur captains
  2 entropy weavers
  6 deep elf high priests
  6 salamander tyrants
  8 jiangshi
  8 great orbs of eyes
  A spriggan zombie (Abyss:2)
  5 ice dragons
  29 vault guards
  2 rakshasas
  20 centaur warriors
  A peacekeeper (Vaults:3)
  6 ironbound frosthearts
  A spriggan air mage (Depths:2)
  13 hydras
  3 ogre magi
  A fenstrider witch skeleton (Crypt:3)
  Erica (D:8)
  3 two-headed ogres
  A boulder beetle (Vaults:2)
  A death knight (Crypt:1)
  31 dancing weapons
  13 anacondas
  13 hell hogs
  15 naga warriors
  9 deep troll shamans
  13 deep troll earth magi
  8 tengu warriors
  8 alligators
  A death yak (Lair:5)
  9 vampire magi
  12 shock serpents
  2 spriggan berserkers
  An orc high priest (Orc:1)
  4 sun demons
  5 death scarabs (Tomb:1)
  3 thrashing horrors
  7 hell knights
  22 naga sharpshooters
  Nergalle (D:11)
  12 deep elf knights
  11 iron trolls
  6 soul eaters
  2 wretched stars (Abyss:2)
  3 shadow wraiths
  2 goliath frogs (Swamp:2)
  A titan skeleton (Depths:2)
  22 skeletal warriors
  A sixfirhy (Pan)
  Lodul (D:12)
  4 salamander mystics
  3 spriggan druids
  68 deep trolls
  7 flayed ghosts
  8 glowing orange brains
  6 lindwurms
  5 large abominations (Abyss:2)
  9 naga ritualists
  6 bog bodies
  An anaconda skeleton (Crypt:3)
  Pikel (D:5)
  A spriggan simulacrum (Depths:2)
  A golden dragon skeleton (Depths:2)
  15 deep elf archers
  12 swamp dragons
  9 wizards
  A wolf spider zombie (Crypt:1)
  10 phantasmal warriors
  5 necromancers
  25 ironbound convokers
  An iron giant skeleton (Crypt:3)
  3 orc knights
  29 deep elf pyromancers
  17 deep elf zephyrmancers
  6 harpies
  10 orc sorcerers (Orc:2)
  31 ugly things
  6 mana vipers
  A cyclops (shapeshifter) (Vaults:5)
  6 shining eyes
  A salamander (shapeshifter) (Vaults:5)
  4 will-o-the-wisps
  4 cyclopes
  8 guardian serpents
  A moth of wrath (Zot:1)
  5 elephants (Lair:3)
  17 salamanders
  3 manticores
  A rust devil (Depths:2)
  A water nymph (shapeshifter) (Vaults:5)
  2 worldbinders (Abyss:2)
  39 black mambas
  26 naga magi
  Joseph (D:8)
  2 torpor snails
  27 vault sentinels
  A shock serpent zombie (Crypt:3)
  An orange demon (Abyss:2)
  5 eyes of devastation
  12 cane toads
  A gargoyle (D:13)
  Maurice (D:8)
  2 centaur zombies
  Maggie (D:7)
  3 smoke demons
  3 centaur skeletons
  4 komodo dragons
  A komodo dragon (shapeshifter) (Vaults:5)
  An efreet (D:11)
  10 freezing wraiths
  29 yaktaurs
  Psyche (D:11)
  3 rime drakes
  A catoblepas skeleton (Tomb:1)
  6 tengu conjurers
  13 guardian mummies
  3 polar bears
  A purple draconian skeleton (Crypt:3)
  A merfolk (shapeshifter) (Vaults:5)
  3 meliai (D:13)
  19 blink frogs
  6 trolls
  18 hornets
  Prince Ribbit (D:9)
  109 slime creatures
  8 raiju
  A raiju (shapeshifter) (D:15)
  An ettin zombie (Crypt:1)
  An ice dragon zombie (Crypt:3)
  12 dream sheep (Lair:5)
  8 tyrant leeches
  2 jumping spiders (shapeshifter)
  A satyr zombie (Crypt:3)
  2 centaur simulacra
  A meliai zombie (D:15)
  11 wraiths
  27 flying skulls
  2 water elementals
  A ynoxinul (Abyss:2)
  2 ettin skeletons (Tomb:1)
  24 spriggans
  13 starcursed masses (Abyss:2)
  4 wyverns
  A slime creature zombie (Crypt:3)
  14 golden eyes
  A golden eye (shapeshifter) (D:9)
  6 ushabtiu (Tomb:1)
  40 yaks
  7 fire elementals
  2 basilisks
  A steam dragon (D:8)
  Menkaure (D:4)
  A chaos spawn (Abyss:2)
  4 vampire mosquitoes
  2 redbacks (Vaults:5)
  A neqoxec (Abyss:2)
  A deep troll zombie (Crypt:2)
  An acid dragon (D:10)
  11 swamp worms
  A two-headed ogre zombie (D:12)
  52 nagas
  A warg (Vaults:4)
  11 water moccasins
  A fire bat skeleton (Crypt:3)
  A floating eye (Depths:3)
  20 orc warriors
  9 swamp drakes
  A sky beast (D:4)
  4 black bears (Lair:5)
  An ice beast (D:5)
  4 boggarts (Lair:5)
  A manticore zombie (Crypt:1)
  13 ogres
  12 centaurs
  6 small abominations
  A swamp dragon skeleton (Crypt:2)
  38 wolves
  An elephant skeleton (Crypt:2)
  2 phantoms (D:12)
  A lemure (D:5)
  2 fire crab zombies
  2 gnoll sergeants
  3 kobold brigands
  A scorpion (D:4)
  16 bullfrogs
  5 necrophages
  8 wights
  3 earth elementals
  2 troll zombies
  3 killer bees (D:9)
  A polar bear skeleton (Crypt:1)
  5 howler monkeys
  A wolf zombie (Crypt:1)
  2 electric eels
  4 hounds
  16 orc priests
  A quasit (Abyss:2)
  2 gnoll boudas
  2 iron imps (Abyss:2)
  4 jellies
  Jessica (D:2)
  4 iguanas
  43 orc wizards
  6 ogre zombies (D:12)
  2 naga zombies (Crypt:1)
  A deep dwarf skeleton (Crypt:2)
  A hound skeleton (Crypt:2)
  26 mummies
  Robin (D:3)
  17 gnolls
  10 adders
  A shadow imp (D:5)
  3 white imps
  2 ufetubi (D:6)
  A lava snake zombie (Crypt:1)
  A lava snake skeleton (Crypt:1)
  2 worms
  3 dart slugs
  71 orcs
  2 bats (D:3)
  2 endoplasms
  5 giant cockroaches
  15 goblins
  14 hobgoblins
  20 kobolds
  3 training dummies (Elf:3)
  7 ball pythons
  4 frilled lizards
  A goblin skeleton (D:12)
  A goblin zombie (D:12)
  4 hobgoblin skeletons (D:12)
  2 hobgoblin zombies (D:12)
  A jackal zombie (Crypt:1)
  7 orc skeletons
  11 orc zombies (D:12)
  3 rats
  A fire vortex (Depths:2)
  A starspawn tentacle (Abyss:2)
2247 creatures vanquished.

Vanquished Creatures (collateral kills)
  the Lernaean hydra (Swamp:4)
  A Hell Sentinel (Abyss:2)
  A wretched star (Abyss:2)
  A spriggan (Lair:5)
4 creatures vanquished.

Vanquished Creatures (others)
  A yaktaur captain (Vaults:2)
  A deep elf pyromancer (Elf:2)
  4 yaktaurs (Vaults:2)
  A bloated husk (Swamp:3)
  A small abomination (Abyss:2)
  15 bushes (D:14)
  2 foxfires (Lair:2)
  71 fungi
  144 plants
  A starspawn tentacle (Abyss:2)
241 creatures vanquished.

Grand Total: 2492 creatures vanquished

Notes
Turn   | Place    | Note
-------+----------+-------------------------------------------
     0 | D:1      | RuneEater the Felid Earth Elementalist began the quest for
                  | the Orb.
     0 | D:1      | Reached XP level 1. HP: 7/7 MP: 4/4
    96 | D:1      | Reached skill level 1 in Fighting
   235 | D:1      | Reached XP level 2. HP: 12/12 MP: 4/6
   256 | D:1      | Learned a level 2 spell: Passwall
   751 | D:2      | Found Unuysenn's Book Boutique.
   804 | D:2      | Reached skill level 3 in Spellcasting
   837 | D:2      | Reached XP level 3. HP: 15/15 MP: 4/8
   928 | D:2      | Found Lotzunec's Armour Boutique.
  1111 | D:2      | Found Uwituc's Distillery.
  1120 | D:2      | Bought a potion of curing for 33 gold pieces
  1120 | D:2      | Bought a potion of heal wounds for 55 gold pieces
  1174 | D:2      | Noticed Jessica
  1288 | D:3      | Noticed Robin
  1576 | D:3      | Reached XP level 4. HP: 19/19 MP: 2/10
  1965 | D:3      | Killed Robin
  1966 | D:3      | Reached skill level 4 in Spellcasting
  2033 | D:3      | Reached XP level 5. HP: 18/22 MP: 0/12
  2196 | D:3      | Found a faded altar of an unknown god.
  2872 | D:4      | Reached skill level 5 in Spellcasting
  2918 | D:4      | Found a shimmering altar of Xom.
  2974 | D:4      | Gained mutation: You are covered in thick fur. (AC +2)
                  | [Felid growth]
  2974 | D:4      | Reached XP level 6. HP: 27/27 MP: 8/14
  3687 | D:4      | Noticed a sky beast
  3778 | D:4      | Killed a sky beast
  3921 | D:4      | Identified the +10 hand axe of Patterns {chaos, rN+}
  3952 | D:4      | Noticed Menkaure
  4055 | D:4      | Learned a level 3 spell: Stone Arrow
  4056 | D:5      | Entered Level 5 of the Dungeon
  4116 | D:5      | Reached XP level 7. HP: 31/31 MP: 12/16
  4198 | D:5      | Reached skill level 6 in Spellcasting
  4506 | D:5      | Reached skill level 1 in Conjurations
  4699 | D:5      | Noticed Pikel
  4723 | D:5      | Killed Pikel
  4724 | D:5      | Reached skill level 5 in Earth Magic
  4724 | D:5      | Reached XP level 8. HP: 36/36 MP: 6/18
  5172 | D:5      | Reached skill level 7 in Spellcasting
  5383 | D:6      | Reached skill level 5 in Fighting
  5511 | D:6      | Found a burning altar of Makhleb.
  5513 | D:6      | Found an ornate altar of the Wu Jian Council.
  5518 | D:6      | Found an iron altar of Okawaru.
  5518 | D:6      | Found a hazy altar of Hepliaklqana.
  6673 | D:6      | Found a staircase to the Ecumenical Temple.
  6680 | Temple   | Entered the Ecumenical Temple
  6873 | Temple   | Became a worshipper of Vehumet
  7001 | D:7      | Noticed Maggie
  7246 | D:7      | Reached XP level 9. HP: 41/41 MP: 10/20
  7507 | D:8      | Noticed Maurice
  7758 | D:8      | Identified the ring of Ufoetuki {Will+ MP+9}
  7925 | D:8      | Noticed Joseph
  7971 | D:8      | Noticed Erica
  7978 | D:8      | Killed Erica
  7979 | D:8      | Reached skill level 8 in Spellcasting
  8168 | D:8      | Reached * piety under Vehumet
  8168 | D:8      | Offered knowledge of Shock by Vehumet.
  8172 | D:8      | Learned a level 1 spell: Shock
  8198 | D:8      | Reached skill level 5 in Dodging
  8304 | D:8      | Found a staircase to the Lair.
  8305 | D:8      | Noticed a komodo dragon
  8332 | D:8      | Killed a komodo dragon
  8963 | D:9      | Identified the +7 hand axe of Death's Door {flame, rPois
                  | Will- Dex+5 SInv}
  9077 | D:9      | Reached skill level 9 in Spellcasting
  9217 | D:9      | Noticed Prince Ribbit
  9388 | D:9      | Noticed a centaur warrior
  9393 | D:9      | Slain by a centaur warrior
  9394 | D:9      | Reached XP level 8. HP: -5/40 MP: 25/31
  9424 | D:9      | Killed a centaur warrior
  9425 | D:9      | Reached XP level 9. HP: 8/43 MP: 21/23
  9429 | D:9      | Shot with an arrow by a centaur
  9430 | D:9      | Reached XP level 8. HP: -2/40 MP: 22/31
  9498 | D:9      | Upgraded the game from 0.30-a0-243-gaa749bd8e4 to
                  | 0.30-a0-253-g6b895097cc
  9674 | D:9      | Noticed a two-headed ogre
  9692 | D:9      | Killed a two-headed ogre
  9693 | D:9      | Reached XP level 9. HP: 45/45 MP: 19/23
 10431 | D:9      | Noticed a cyclops
 10442 | D:9      | Reached skill level 10 in Fighting
 10494 | D:9      | Noticed a wolf spider
 10582 | Lair:1   | Entered Level 1 of the Lair of Beasts
 10596 | Lair:1   | Noticed Fannar
 10626 | Lair:1   | Killed Fannar
 10759 | Lair:1   | Reached XP level 10. HP: 52/52 MP: 19/24
 10763 | D:8      | Reached ** piety under Vehumet
 10763 | D:8      | Offered knowledge of Static Discharge by Vehumet.
 11037 | Lair:1   | Noticed a black mamba
 11046 | Lair:1   | Killed a black mamba
 12123 | Lair:2   | Found a staircase to the Swamp.
 12123 | Lair:2   | Noticed a will-o-the-wisp
 12310 | Lair:2   | Noticed a cane toad
 12310 | Lair:2   | Noticed a cane toad
 12327 | Lair:2   | Identified the +9 long sword of the Writhing Gnat
                  | {antimagic, Dex+7}
 12402 | Lair:2   | Noticed a cane toad
 12450 | Lair:2   | Noticed a cane toad
 12693 | Lair:2   | Killed a cane toad
 12694 | Lair:2   | Reached XP level 11. HP: 58/58 MP: 23/25
 13179 | Lair:2   | Offered knowledge of Momentum Strike by Vehumet.
 13622 | Lair:2   | Reached *** piety under Vehumet
 13845 | Lair:3   | Learned a level 2 spell: Momentum Strike
 13851 | Lair:3   | Learned a level 5 spell: Lee's Rapid Deconstruction
 14254 | Lair:3   | Found a staircase to the Snake Pit.
 14635 | Lair:3   | Reached skill level 10 in Spellcasting
 14647 | Lair:3   | Reached skill level 1 in Evocations
 15444 | Lair:3   | Found a transporter.
 15444 | Lair:3   | Noticed a boulder beetle
 15445 | Lair:3   | Found a transporter.
 15445 | Lair:3   | Noticed a boulder beetle
 15818 | Lair:4   | Offered knowledge of Hailstorm by Vehumet.
 15901 | Lair:4   | Gained mutation: Your thick and shaggy fur keeps you warm.
                  | (AC +3, rC+) [Felid growth]
 15901 | Lair:4   | Reached XP level 12. HP: 64/64 MP: 27/27
 16206 | Lair:4   | Noticed a four-headed hydra
 16245 | Lair:4   | Killed a four-headed hydra
 16246 | Lair:4   | Reached skill level 11 in Spellcasting
 16415 | Lair:4   | Noticed a boulder beetle
 17228 | Lair:5   | Entered Level 5 of the Lair of Beasts
 17271 | Lair:5   | Found a staircase to the Slime Pits.
 17285 | Lair:5   | Found a viscous altar of Jiyva.
 17341 | Lair:5   | Reached **** piety under Vehumet
 17518 | Lair:5   | Noticed a catoblepas
 17666 | Lair:5   | Offered knowledge of Freezing Cloud by Vehumet.
 17667 | Lair:5   | Reached skill level 12 in Spellcasting
 18463 | Lair:5   | Paralysed by a hornet for 1 turns
 18573 | Lair:5   | Reached skill level 13 in Spellcasting
 18850 | Lair:5   | Paralysed by a hornet for 3 turns
 19158 | Lair:5   | Reached ***** piety under Vehumet
 19159 | Lair:5   | Reached XP level 13. HP: 67/67 MP: 30/31
 19167 | Lair:5   | Offered knowledge of Eringya's Noxious Bog by Vehumet.
 19182 | Lair:5   | Learned a level 6 spell: Eringya's Noxious Bog
 20371 | Lair:5   | Reached skill level 10 in Earth Magic
 21347 | D:7      | Killed Maggie
 21797 | D:2      | Bought Great Wizards, Vol. II for 494 gold pieces
 21803 | D:2      | Learned a level 5 spell: Borgnjor's Vile Clutch
 21848 | D:2      | Bought a potion of berserk rage for 55 gold pieces
 21848 | D:2      | Bought a potion of invisibility for 88 gold pieces
 21848 | D:2      | Bought a potion of attraction for 33 gold pieces
 21848 | D:2      | Bought a potion of curing for 33 gold pieces
 21894 | D:2      | Killed Jessica
 21974 | D:4      | Killed Menkaure
 22219 | D:8      | Killed Maurice
 22404 | D:8      | Killed Joseph
 22470 | D:9      | Reached skill level 1 in Necromancy
 22644 | D:9      | Got the Atlas of Amorphous Arcane Weapons
 23459 | D:9      | Killed Prince Ribbit
 23515 | D:10     | Entered Level 10 of the Dungeon
 23539 | D:10     | Reached skill level 5 in Necromancy
 23595 | D:10     | Offered knowledge of Iskenderun's Battlesphere by Vehumet.
 24469 | D:10     | Noticed a fire dragon
 24728 | D:11     | Noticed Psyche
 24732 | D:11     | Killed Psyche
 24924 | D:11     | Noticed Harold
 25132 | D:11     | Noticed Josephine
 25136 | D:11     | Killed Josephine
 25328 | D:11     | Noticed Nergalle
 25348 | D:11     | Killed Nergalle
 25545 | D:12     | Noticed Rupert
 25603 | D:12     | Noticed Lodul
 25978 | D:12     | Reached XP level 14. HP: 72/72 MP: 23/32
 26181 | D:12     | Found a staircase to the Orcish Mines.
 26211 | D:12     | Killed Rupert
 26481 | D:12     | Reached skill level 14 in Spellcasting
 26888 | D:12     | Found Feelifo's Assorted Antiques.
 27027 | D:12     | Killed Lodul
 27206 | Orc:1    | Entered Level 1 of the Orcish Mines
 27324 | Orc:1    | Offered knowledge of Conjure Ball Lightning by Vehumet.
 27620 | Orc:2    | Entered Level 2 of the Orcish Mines
 27697 | Orc:2    | Reached skill level 15 in Fighting
 27936 | Orc:2    | Found a staircase to the Elven Halls.
 28545 | Orc:2    | Found Ewoappoci's Book Shop.
 28575 | Orc:2    | Found Foricromp's Magic Scroll Boutique.
 28600 | Orc:2    | Found an ancient bone altar of Kikubaaqudgha.
 28884 | Orc:2    | Reached skill level 5 in Evocations
 29072 | Orc:2    | Killed from afar by an ogre mage
 29073 | Orc:2    | Reached XP level 13. HP: 0/67 MP: 19/41
 29157 | Orc:2    | Found Qefot's Distillery.
 29245 | Orc:2    | Found Rukhledd's Antique Armour Boutique.
 29272 | Orc:2    | Found a radiant altar of Vehumet.
 29335 | Orc:2    | Bought a scroll of fear for 56 gold pieces
 29335 | Orc:2    | Bought a scroll of identify for 28 gold pieces
 29335 | Orc:2    | Bought a scroll of blinking for 105 gold pieces
 29335 | Orc:2    | Bought a scroll of teleportation for 42 gold pieces
 29335 | Orc:2    | Bought a scroll of identify for 28 gold pieces
 29335 | Orc:2    | Bought a scroll of identify for 28 gold pieces
 29335 | Orc:2    | Bought a scroll of silence for 133 gold pieces
 29335 | Orc:2    | Bought a scroll of noise for 14 gold pieces
 29335 | Orc:2    | Bought a scroll of amnesia for 56 gold pieces
 29335 | Orc:2    | Bought a scroll of teleportation for 42 gold pieces
 29689 | Snake:1  | Entered Level 1 of the Snake Pit
 29995 | Snake:1  | Found a runed translucent door.
 29996 | Snake:1  | Noticed Zoites's ghost (adept NaFi)
 30339 | Snake:1  | Found Qanomonu's Antique Armour Shoppe.
 30343 | Snake:1  | Found Baunicux's Antique Weapon Shoppe.
 31062 | Snake:1  | Reached skill level 15 in Spellcasting
 31367 | Snake:1  | Reached XP level 14. HP: 49/73 MP: 27/34
 32439 | Snake:1  | Offered knowledge of Yara's Violent Unravelling by Vehumet.
 33131 | D:13     | Found Erocem's Magic Scroll Emporium.
 33139 | D:13     | Bought a scroll of identify for 30 gold pieces
 33139 | D:13     | Bought a scroll of teleportation for 45 gold pieces
 33139 | D:13     | Bought a scroll of identify for 30 gold pieces
 33139 | D:13     | Bought a scroll of identify for 30 gold pieces
 33139 | D:13     | Identified a scroll of acquirement
 33143 | D:13     | Acquired the ring "Fioloemm" {rF+ rC+ Int+6}
 33621 | D:14     | Noticed Agnes
 34238 | D:14     | Reached skill level 10 in Dodging
 34297 | D:14     | Mangled by Agnes
 34298 | D:14     | Reached XP level 13. HP: -7/69 MP: 22/42
 34697 | D:14     | Found a gate to the Vaults.
 34790 | D:14     | Killed Agnes
 35173 | D:15     | Entered Level 15 of the Dungeon
 35351 | D:15     | Reached skill level 5 in Conjurations
 36042 | D:15     | Found a staircase to the Depths.
 36351 | Orc:1    | Noticed Snorg
 36397 | Orc:2    | Reached XP level 14. HP: 73/73 MP: 6/34
 36683 | Orc:1    | Killed Snorg
 37179 | Orc:2    | Learned a level 5 spell: Yara's Violent Unravelling
 37261 | Elf:1    | Entered Level 1 of the Elven Halls
 37261 | Elf:1    | Found Eghuom's Antique Weapon Boutique.
 38163 | Elf:1    | Offered knowledge of Arcjolt by Vehumet.
 38744 | Elf:1    | Identified the +4 short sword "Azubyikh" {vorpal, rF+ rC+
                  | Int+2}
 38960 | Elf:1    | Reached skill level 15 in Dodging
 40197 | Elf:2    | Identified the ring of Vodatucs {rPois rN+ rCorr SInv}
 40247 | Elf:2    | Reached XP level 15. HP: 78/78 MP: 34/35
 40298 | Elf:2    | Found a runed translucent gate.
 40299 | Elf:2    | Found a runed translucent gate.
 40299 | Elf:2    | Found a runed translucent gate.
 40776 | Elf:2    | Learned a level 5 spell: Arcjolt
 40972 | Elf:2    | Reached skill level 5 in Stealth
 42111 | Elf:2    | Offered knowledge of Iron Shot by Vehumet.
 42747 | Elf:3    | Entered Level 3 of the Elven Halls
 42792 | Elf:3    | Found Fitzuod's Magic Scroll Shop.
 42794 | Elf:3    | Found Diysaehi's Book Emporium.
 42876 | Elf:3    | Learned a level 6 spell: Iron Shot
 42944 | Elf:3    | Noticed a deep elf sorcerer
 43131 | Elf:3    | Found Soteg's Firing Range.
 43193 | Elf:3    | Found Mokhaaru's Weapon Shop.
 43628 | Swamp:1  | Entered Level 1 of the Swamp
 43631 | Swamp:1  | Learned a level 1 spell: Apportation
 43689 | Swamp:1  | Noticed Donald
 43709 | Swamp:1  | Killed Donald
 43710 | Swamp:1  | Reached skill level 16 in Spellcasting
 45442 | Swamp:2  | Reached XP level 16. HP: 82/82 MP: 19/37
 46505 | Swamp:3  | Reached skill level 17 in Spellcasting
 46773 | Swamp:3  | Noticed Mlioglotl
 46831 | Swamp:3  | Killed Mlioglotl
 47116 | Swamp:4  | Entered Level 4 of the Swamp
 47580 | Swamp:4  | Noticed Roxanne
 47687 | Swamp:4  | Offered knowledge of Lehudib's Crystal Spear by Vehumet.
 48230 | Swamp:4  | Noticed the 27-headed Lernaean hydra
 49200 | Swamp:4  | Killed the 27-headed Lernaean hydra
 49860 | Swamp:4  | Got a decaying rune of Zot
 50060 | Swamp:4  | Learned a level 8 spell: Lehudib's Crystal Spear
 51082 | Snake:2  | Reached skill level 18 in Spellcasting
 51871 | Snake:1  | Killed Zoites's ghost
 52604 | Snake:2  | Reached XP level 17. HP: 86/86 MP: 33/40
 53022 | Snake:2  | Noticed Vashnia
 56939 | Orc:2    | Bought a manual of Transmutations for 1200 gold pieces
 57540 | Snake:3  | Noticed Saint Roka
 57762 | Snake:2  | Learned a level 6 spell: Statue Form
 57889 | Snake:3  | Reached skill level 5 in Transmutations
 58344 | Snake:3  | Found Pedyts's Specialty Armours.
 58749 | Snake:3  | Killed Saint Roka
 59465 | Snake:4  | Entered Level 4 of the Snake Pit
 59842 | Snake:4  | Reached skill level 10 in Transmutations
 60051 | Snake:4  | Noticed Aizul
 60061 | Snake:4  | Killed Aizul
 60435 | Snake:3  | Reached ****** piety under Vehumet
 60548 | Snake:4  | Reached XP level 18. HP: 94/94 MP: 28/41
 60686 | Snake:4  | Offered knowledge of Shatter by Vehumet.
 60686 | Snake:4  | Offered knowledge of Chain Lightning by Vehumet.
 60686 | Snake:4  | Offered knowledge of Polar Vortex by Vehumet.
 61872 | Snake:4  | Got a serpentine rune of Zot
 62806 | Snake:4  | Noticed Mara
 63192 | Snake:4  | Found a runed translucent door.
 63194 | Snake:4  | Found a shimmering altar of Xom.
 63194 | Snake:4  | Noticed Gargoyl's ghost (adept GrBe)
 63984 | Vaults:1 | Entered Level 1 of the Vaults
 65271 | Vaults:1 | Found a runed translucent gate.
 65271 | Vaults:1 | Found a runed translucent gate.
 65271 | Vaults:1 | Found a runed translucent gate.
 65273 | Vaults:1 | Noticed Ijustatesigmund's ghost (adept GrFi)
 65284 | Vaults:1 | You fall into a shaft and drop 1 floor!
 66377 | Vaults:1 | Noticed Nikola
 66384 | Vaults:1 | Killed Nikola
 66731 | Vaults:1 | Reached skill level 1 in Unarmed Combat
 68422 | Vaults:2 | Reached XP level 19. HP: 92/97 MP: 17/42
 68531 | Vaults:2 | Reached skill level 5 in Unarmed Combat
 69104 | Vaults:2 | Found Luiwnegu's General Store.
 69201 | Vaults:2 | Found a staircase to the Crypt.
 71678 | Vaults:3 | Found a transporter.
 72299 | Vaults:3 | Reached skill level 19 in Spellcasting
 73214 | Vaults:3 | Found a transporter.
 73432 | Vaults:3 | Identified the +1 kite shield "Puuliof" {Str+8 Stlth+}
 74263 | Vaults:3 | Found Wyul's Magic Scroll Emporium.
 74271 | Vaults:3 | Bought a scroll of blinking for 105 gold pieces
 74271 | Vaults:3 | Bought a scroll of summoning for 133 gold pieces
 74310 | Vaults:3 | Paralysed by a sphinx for 2 turns
 74787 | Vaults:4 | Reached XP level 20. HP: 104/104 MP: 11/44
 75514 | Vaults:4 | Got the Guidebook on Mutagenic Terrain
 77159 | Vaults:4 | Identified the +5 mace of Instant Death {freeze, rElec rF+}
 77562 | Vaults:4 | Reached skill level 15 in Earth Magic
 77824 | Crypt:1  | Entered Level 1 of the Crypt
 78014 | Crypt:1  | Noticed Bauwoixt's ghost (veteran GrFi)
 79828 | Crypt:1  | Found a burning altar of Makhleb.
 79837 | Crypt:1  | Found a glowing golden altar of the Shining One.
 79944 | Crypt:1  | Found a transporter.
 79953 | Crypt:1  | Noticed Dihet's ghost (veteran MiBe)
 79958 | Crypt:1  | Found a transporter.
 80470 | Crypt:2  | Reached skill level 20 in Spellcasting
 80748 | Crypt:2  | Found a runed translucent gate.
 80748 | Crypt:2  | Found a runed translucent gate.
 80749 | Crypt:2  | Found a runed translucent gate.
 80749 | Crypt:2  | Noticed Dihet's ghost (veteran MiBe)
 80749 | Crypt:2  | Identified the +7 sling of Indomitability {venom, Str+4}
 81697 | Crypt:2  | Found an iron altar of Okawaru.
 81725 | Crypt:3  | Entered Level 3 of the Crypt
 81869 | Crypt:2  | Acquired the Tractate on Orientation and Metamorphosis
 82038 | Crypt:3  | Noticed Xtahua
 82391 | Elf:3    | Bought a scroll of blinking for 157 gold pieces
 82391 | Elf:3    | Bought a scroll of fog for 84 gold pieces
 82583 | Elf:3    | Reached XP level 21. HP: 86/108 MP: 25/46
 82706 | Elf:3    | Identified the +11 battleaxe "Tep Veax" {vorpal, rN+ MP+9
                  | Int-4}
 82914 | Elf:3    | Identified the +9 dagger "Widowmaker" {vamp, Fragile rC+
                  | Int+3 Stlth+}
 83444 | Elf:3    | Found the +8 orange crystal plate armour {Archmagi, Int+3
                  | Clar}
 83549 | Elf:3    | Identified the ring "Vimyucri" {rElec rF- rC+ rN+ rCorr
                  | Stlth-}
 83610 | Elf:3    | Got the Omnibus of the Breezy Voyage
 83615 | Elf:3    | Identified the ring "Unog" {Fire Will++ Str+2 Dex+4 Stlth+}
 83659 | Elf:3    | Learned a level 9 spell: Polar Vortex
 83697 | Elf:3    | Bought a scroll of poison for 84 gold pieces
 83697 | Elf:3    | Bought a scroll of torment for 199 gold pieces
 83697 | Elf:3    | Bought 2 scrolls of teleportation for 126 gold pieces
 83928 | Vaults:2 | Bought a scroll of poison for 52 gold pieces
 84047 | Vaults:3 | Learned a level 9 spell: Shatter
 84485 | Vaults:3 | Identified the ring "Kaduv" {Drain rPois Will+ Str+2}
 84509 | Vaults:3 | Identified the ring of Riug {rElec rC+}
 84529 | Vaults:3 | Identified the amulet of Refuwo {Reflect rPois rN+ SH+5}
 84903 | Depths:1 | Entered Level 1 of the Depths
 84903 | Depths:1 | You fall into a shaft and drop 1 floor!
 84903 | Depths:2 | Found a gateway to Hell.
 85056 | Depths:2 | Reached skill level 10 in Unarmed Combat
 85317 | Depths:2 | Found a radiant altar of Vehumet.
 85630 | Depths:2 | Found a viscous altar of Jiyva.
 86051 | Depths:2 | Found a transporter.
 86053 | Depths:2 | Found a transporter.
 86357 | Depths:2 | Found a one-way gateway to a ziggurat.
 87070 | Depths:2 | Found a one-way gate leading to the halls of Pandemonium.
 87224 | Depths:1 | Learned a level 2 spell: Blink
 87420 | Depths:1 | Identified the +1 robe of Divine Contentment {+Inv rC+
                  | Str+2}
 87422 | Depths:1 | Identified the +5 shortbow "Jathiz" {venom, Str+2}
 87572 | Depths:1 | Reached skill level 1 in Translocations
 88164 | Depths:1 | Found a portal to a secret trove of treasure.
 88209 | Depths:1 | You paid a toll of 17 potions of curing to enter a treasure
                  | trove
 88210 | Trove    | Entered a treasure trove
 88280 | Trove    | Got Sif Muna's Compilation of the Undead
 88282 | Trove    | Got Sif Muna's Treatise on Enchanting Shapes
 88288 | Trove    | Identified the amulet "Wedag" {Reflect Rampage rElec Str+2
                  | Int+3 SH+5}
 88290 | Trove    | Identified the amulet "Luytse" {Faith rPois rF- rCorr
                  | Str+4}
 88466 | Depths:1 | HP: 3/109 [deep troll (18)]
 89556 | Depths:3 | Identified the +0 cloak of the Spider Nest {+Blink rPois
                  | SInv}
 89966 | Depths:3 | Found a blossoming altar of Fedhas.
 90063 | Depths:3 | Noticed Boris
 90793 | Depths:3 | Noticed a caustic shrike
 90800 | Depths:3 | Killed a caustic shrike
 91731 | Depths:3 | Identified the +6 hand axe of Woe {freeze, rC+ SInv}
 91781 | Depths:3 | Reached XP level 22. HP: 114/114 MP: 11/47
 92027 | Depths:3 | Found the +3 giant club "Skullcrusher" {speed, Str+7}
 92382 | Depths:3 | Noticed Louise
 92391 | Depths:3 | Banished Louise
 92555 | Depths:3 | Found a one-way gate to the infinite horrors of the Abyss.
 93043 | Depths:4 | Entered Level 4 of the Depths
 93192 | Depths:4 | Reached skill level 21 in Spellcasting
 93265 | Depths:4 | Killed from afar by a red draconian scorcher
 93266 | Depths:4 | Reached XP level 21. HP: -31/109 MP: 17/47
 93751 | Depths:4 | Found a gate to the Realm of Zot.
 94864 | Depths:4 | Identified the +1 ring mail "Soburoseo" {rElec rPois Dex-3}
 95400 | Depths:4 | Noticed a golden dragon
 95409 | Depths:4 | Killed a golden dragon
 95613 | Depths:4 | Found a stormy altar of Qazlal.
 95928 | Depths:3 | Learned a level 8 spell: Necromutation
 96355 | Depths:1 | Found Veneizx Esio's Vocational Training.
 96363 | Depths:1 | Bought a manual of Evocations for 1040 gold pieces
 97572 | Vaults:5 | Entered Level 5 of the Vaults
 97576 | Vaults:5 | Reached skill level 10 in Necromancy
 97576 | Vaults:5 | Noticed a dread lich
 97606 | Vaults:4 | Killed a dread lich
 97785 | Vaults:5 | Identified the ring of Geogov {EV+4 Int+2}
 97993 | Vaults:5 | Reached XP level 22. HP: 104/116 MP: 29/48
 98301 | Vaults:5 | Identified the ring "Sihool" {rC+ rCorr}
 98349 | Vaults:5 | Identified the +5 rapier of Dugi Mech {vorpal, rC+ Will+++
                  | rCorr Dex+4}
 98359 | Vaults:5 | Identified the +10 shortbow of Shame {venom, Drain Fly rC++
                  | Int+4}
 98365 | Vaults:5 | HP: 2/146 [tengu reaver/bolt of acid (46)]
 98386 | Vaults:5 | Noticed a golden dragon
 98718 | Vaults:5 | Noticed an ancient lich
 98722 | Vaults:5 | Killed an ancient lich
 98774 | Vaults:5 | Killed a golden dragon
 98775 | Vaults:5 | Reached skill level 22 in Spellcasting
 99376 | Vaults:5 | Noticed an ancient lich
 99617 | Vaults:5 | Killed an ancient lich
 99668 | Vaults:5 | Noticed an ancient lich
 99676 | Vaults:5 | Killed an ancient lich
100168 | Vaults:5 | Identified the +10 long sword of Fortitude {speed, Stlth+}
100702 | Vaults:5 | Noticed a dread lich
100799 | Vaults:4 | Killed a dread lich
100969 | Vaults:5 | Got a silver rune of Zot
101489 | Vaults:3 | Bought 3 scrolls of magic mapping for 315 gold pieces
101704 | D:13     | Bought a scroll of amnesia for 60 gold pieces
101742 | D:12     | Bought a potion of curing for 90 gold pieces
101742 | D:12     | Bought a potion of heal wounds for 150 gold pieces
101742 | D:12     | Bought a potion of haste for 300 gold pieces
101742 | D:12     | Bought a potion of curing for 90 gold pieces
102307 | Zot:1    | Entered Level 1 of the Realm of Zot
102833 | Zot:1    | Noticed a golden dragon
102843 | Zot:1    | Killed a golden dragon
102851 | Zot:1    | Noticed an orb of fire
103139 | Depths:3 | Voluntarily entered the Abyss.
103534 | Abyss:2  | Reached skill level 15 in Transmutations
103552 | Abyss:2  | Lost strength.
103708 | Depths:3 | Escaped the Abyss
103879 | Depths:3 | Voluntarily entered the Abyss.
103972 | Abyss:2  | Killed Louise
103979 | Abyss:2  | Reached XP level 23. HP: 93/121 MP: 28/50
104048 | Abyss:2  | Paralysed by accursed screaming for 1 turns
104328 | Depths:3 | Escaped the Abyss
104695 | Slime:1  | Entered Level 1 of the Pits of Slime
104976 | Lair:5   | Learned a level 5 spell: Irradiate
105827 | Slime:3  | Gained mutation: You are dopey. (Int -2) [mutagenic glow]
106881 | Slime:1  | Reached skill level 23 in Spellcasting
106895 | Slime:1  | Killed from afar by an acid blob
106896 | Slime:1  | Reached XP level 22. HP: -1/117 MP: 7/50
108194 | Slime:5  | Entered Level 5 of the Pits of Slime
108206 | Slime:5  | Killed from afar by an acid blob
108207 | Slime:5  | Reached XP level 21. HP: -12/113 MP: 18/49
108215 | Slime:4  | Reached XP level 22. HP: 117/117 MP: 50/50
108216 | Slime:4  | Reached skill level 15 in Necromancy
108216 | Slime:4  | Reached XP level 23. HP: 121/121 MP: 51/51
109099 | Slime:5  | Noticed the Royal Jelly
109603 | Slime:5  | Found a viscous altar of Jiyva.
110612 | Slime:5  | Got a slimy rune of Zot
110631 | Slime:5  | Got the Codex of the Unstable Quarry
111165 | Slime:5  | Killed the Royal Jelly
111320 | Slime:5  | Identified the +3 leather armour of Peek-a-Boo {rElec rPois
                  | Str-3 Int+3}
111398 | Lair:5   | Lost mutation: You are dopey. (Int -2) [potion of mutation]
111398 | Lair:5   | Lost strength.
111398 | Lair:5   | Gained mutation: Your mind is acute. (Int +4, Str/Dex -1)
                  | [potion of mutation]
111398 | Lair:5   | Gained mutation: You are robust. (+10% HP) [potion of
                  | mutation]
111398 | Lair:5   | Gained mutation: Your body sometimes deteriorates upon
                  | taking damage. [potion of mutation]
111398 | Lair:5   | Gained mutation: You have hidden genetic potential. [potion
                  | of mutation]
111468 | Lair:5   | Lost mutation: Your mind is acute. (Int +4, Str/Dex -1)
                  | [potion of mutation]
111468 | Lair:5   | Lost mutation: Your body sometimes deteriorates upon taking
                  | damage. [potion of mutation]
111468 | Lair:5   | Lost mutation: You have hidden genetic potential. [potion
                  | of mutation]
111468 | Lair:5   | Gained mutation: You have a pair of small antennae on your
                  | head. [potion of mutation]
112423 | Crypt:3  | Lost strength.
113194 | Crypt:3  | Identified the +8 hand axe of the Unspeakable One
                  | {antimagic, rF- rC+ rN++ Int+3}
113226 | Crypt:3  | Found the +4 dagger "Morg" {pain, Will+ Int+5}
113511 | Crypt:3  | Found a staircase to the Tomb.
113579 | Crypt:3  | Noticed an ancient lich
113800 | Crypt:3  | Reached skill level 24 in Spellcasting
113803 | Crypt:3  | Killed an ancient lich
113875 | Crypt:3  | Identified the ring of Edaril {*Slow rPois rN+ rCorr Str+3}
113875 | Crypt:3  | Identified the amulet "Zicwobar" {Drain Regen+ rCorr Int+4}
113875 | Crypt:3  | Identified the ring "Eshadgh" {+Blink rF+ rN+}
114420 | Crypt:1  | Reached XP level 24. HP: 85/138 MP: 9/52
114662 | Tomb:1   | Entered Level 1 of the Tomb of the Ancients
115790 | Tomb:1   | Noticed a royal mummy
115882 | Tomb:1   | Killed a royal mummy
116059 | Tomb:1   | Noticed a royal mummy
116085 | Tomb:1   | Killed a royal mummy
117346 | Crypt:2  | Killed Xtahua
117414 | Crypt:1  | Reached skill level 1 in Hexes
117602 | Crypt:2  | Reached skill level 5 in Hexes
117951 | Pan      | Entered Pandemonium
117952 | Pan      | Noticed Ignacio
117956 | Pan      | Noticed Ramacaf the pandemonium lord
117971 | Pan      | HP: 5/140 [sixfirhy[a cacodemon] (12)]
117971 | Pan      | Slain by an orange demon

Illustrated notes

Levels and vault maps discovered:
D:1:      lightli_arrival_statuegarden, layout_basic
D:2:      layout_basic, serial_shops, nicolae_shop_hallway_plus, shop_statue,
          nicolae_lakefront_shop, uniq_jessica
D:3:      layout_basic, shapermc_ecumenical_altar_acropolis, uniq_robin
D:4:      layout_loops_ring, lemuel_doored_altar, uniq_menkaure
D:5:      layout_gridville, uniq_pikel
D:6:      layout_loops_ring, nicolae_overflow_hidden_temple,
          minmay_temple_entry_nine_rooms
D:7:      layout_cave_pools, uniq_maggie
D:8:      layout_basic, david_lair_shrubbed, dreamdust_wishing_well,
          uniq_maurice, uniq_joseph, uniq_erica
D:9:      nzn_winding_woodlands_large [nzn_winding_woodlands_hourglass,
          nzn_winding_woodlands_5x15_lazy_stream,
          nzn_winding_woodlands_5x5_open_star,
          nzn_winding_woodlands_center_triple_pond,
          nzn_winding_woodlands_15x15_five_gardens,
          nzn_winding_woodlands_center_lodge, nzn_winding_woodlands_5x5_three,
          nzn_winding_woodlands_5x15_sawtooth, nzn_winding_woodlands_5x5_cross],
          layout_layer_cave, minmay_misc_feat_columns, uniq_prince_ribbit1
D:10:     layout_cave_pools, minmay_three_doors
D:11:     layout_roguey, uniq_psyche, uniq_nergalle, uniq_josephine, uniq_harold
D:12:     layout_rooms, zombieorc2_lemuel, serial_shops,
          nicolae_shop_behind_doors, uniq_rupert, uniq_lodul
D:13:     layout_basic, serial_shops, shop_scrolls, hangedman_decor_lopped
D:14:     layout_basic, david_vaults_4, serial_park_paths
          [serial_park_minivault_5x5_8], minmay_misc_feat_chi, uniq_agnes
D:15:     grunt_enter_depths_magical_seal, layout_basic, hex_tiny
Temple:   minmay_crystal_spiral_temple
Lair:1:   layout_loops_ring, uniq_fannar
Lair:2:   layout_chaotic_city, minmay_swamp_entry_wisps,
          grunt_forest_stairs_basic
Lair:3:   gammafunk_boulding_lane, layout_layer_cave,
          minmay_snake_entry_guardpost_small
Lair:4:   layout_cave_pods, serial_bayou_shore_a
Lair:5:   minmay_lair_end_enchanted_forest, layout_cave_pods, slime_entry_1,
          nicolae_quartered_pool_impasse, dreamdust_gnoll_shepherd,
          lemuel_fruit_tree, infiniplex_staircase_pool_2
Swamp:1:  nicolae_swamp_ascending_descending, layout_basic_swamp,
          serial_swamp_ruin, hangedman_swamp_ruin_wall,
          evilmike_swamp_ruin_house_5, evilmike_swamp_ruin_house_3, swamp_pool5,
          uniq_donald
Swamp:2:  layout_basic_swamp, evilmike_swamp_ruin_rubble_2
Swamp:3:  layout_falls_marsh, nicolae_swamp_fairy_circle, swamp_pool1,
          uniq_mlioglotl
Swamp:4:  swamp_old_school, layout_basic_swamp, uniq_roxanne
Snake:1:  layout_layer_cave, ebering_ghost_reflecting_pool,
          nicolae_coiled_stairwell_down, minmay_shop_star
Snake:2:  kennysheep_snake, layout_rooms, grunt_ministairs_4, uniq_vashnia
Snake:3:  layout_rooms, nicolae_barding_shop, nicolae_integral_box,
          uniq_saint_roka
Snake:4:  grunt_snake_rune_spirals, layout_onion_interference,
          ebering_ghost_xom, uniq_aizul, uniq_mara
Slime:1:  layout_caves
Slime:2:  layout_caves
Slime:3:  layout_caves, nicolae_slime_phagocytosis
Slime:4:  layout_caves
Slime:5
Orc:1:    layout_caves, uniq_snorg
Orc:2:    kennysheep_orc_mage_school, layout_diamond_mine, basic_altar
Elf:1:    layout_geoelf_grid, serial_shops, shop,
          hangedman_elven_crosses_minicolossus
Elf:2:    nicolae_elf_blades_crystal_corner, layout_onion_city,
          serial_co_window_serial, co_window_corner_a, co_window_paths_b,
          co_window_corner_a, co_window_paths_b, co_window_of_opportunity_a,
          co_window_of_opportunity_b, co_window_of_opportunity_b,
          co_window_corner_b, co_window_paths_e, glass_columns_a,
          glass_columns_a, glass_columns_b, glass_columns_b, glass_columns_a,
          uniq_louise
Elf:3:    grunt_elf_hall_branching, layout_geoelf_octagon, serial_shops, shop,
          shop_fountains, nicolae_shop_crystal, nicolae_shop_firing_range
Vaults:1: gammafunk_ghost_necromancy, vaults_standard_mumra_x, v_misc_3,
          vaults_room_grunt_arrival_ludios, vaults_dpeg_doors, v_misc_4,
          v_misc_18, v_rooms_4, vaults_dpeg_spiral, layout_vaults_omnigrid,
          uniq_nikola
Vaults:2: nicolae_vaults_shelves_hall, v_misc_17, v_pattern_5, v_misc_23,
          st_cross, grunt_vaults_swirl, minmay_crypt_entry_simple_box,
          hangedman_vaults_snaps, nicolae_vaults_border_crossing,
          nicolae_vaults_alarming, vaults_room_door_ring,
          layout_vaults_big_room, serial_shops, shop
Vaults:3: v_rooms_3, vaults_room_semicircle, hangedman_vaults_cutoff,
          hangedman_vaults_capsules, gammafunk_its_a_trap,
          nicolae_vaults_network_quinsquares
          [nicolae_vaults_network_quincunx_subvault,
          nicolae_vaults_network_quincunx_subvault,
          nicolae_vaults_network_quincunx_subvault,
          nicolae_vaults_network_quincunx_subvault], vaults_room_fancy_cross,
          nicolae_vaults_mini_display_case, grunt_vaults_twisty,
          grunt_vaults_diagonal, vaults_room_semicircle, ontoclasm_vaults_fault,
          layout_vaults_maze, serial_shops, nicolae_square_shop
Vaults:4: grunt_vaults_bifocal, hangedman_vaults_river_flow, st_star, v_misc_33,
          vaults_room_boxed, nicolae_vaults_little_squares_3, v_pattern_1,
          vaults_mumra_minichess, vaults_room_ringed_pool,
          vaults_standard_mumra_enter_the_diamond, ontoclasm_vaults_ring_large,
          ontoclasm_vaults_ring_small, ontoclasm_vaults_ligature,
          vaults_room_stairs_pillars, layout_vaults_omnibox
Vaults:5: serial_shops
Crypt:1:  layout_regular_city, nzn_ghost_randoct, nzn_life_drinkers,
          grunt_megastairs_4
Crypt:2:  layout_misc_corridors, gammafunk_ghost_fury_of_okawaru,
          minmay_misc_feat_hallway
Crypt:3:  david_glass_crypt, layout_basic, nicolae_tomb_entry_grand_gallery,
          grunt_megastairs_3, uniq_xtahua
Tomb:1
Depths:1: layout_basic, enter_trove_6, pan_entry, grunt_hell_horde,
          abandoned_shop, st_stairs_6, kennysheep_another_room,
          hex_intersection, nicolae_shop_vocational
Depths:2: gammafunk_jiyva_shrine, layout_basic, enter_ziggurat_f, hellmouth_1,
          grunt_pan_entry_in_and_out, fiery_altar_vehumet, serial_bayou_shore_b,
          minmay_staircase_bubble
Depths:3: minmay_the_grid_octo_triangle [minmay_the_grid_octo_clover,
          minmay_the_grid_octo_prize_square_snowflake,
          minmay_the_grid_octo_thin_diamonds], layout_gridlike, fedhas_altar_4,
          hell_entry, nicolae_abyss_entry_one_way_or_another, uniq_boris
Depths:4: grunt_zot_entry_funnels, layout_gridville, pan_entry,
          nicolae_qazlal_general_emergency, hell_entry,
          serial_sigils_hangedman_shear, kennysheep_random_hallway
Zot:1:    grunt_twist_and_shout, layout_onion_interference, bh_zot_levy_curve,
          st_small_dragon_hoard_3
Pan:      rand_demon_3, layout_basic, uniq_ignacio

Skill      XL: |  1  2  3  4  5  6  7  8  9 10 11 12 13 14 15 16 17 18 19 20 21 22 23 24 |
---------------+-------------------------------------------------------------------------+-----
Fighting       | 1 2 3 4 9 11 13 14 16 18 19 21 22 23 | 23.0
Spellcasting   | 3 4 5 6 7 9 10 13 15 14 16 18 19 20 22 24 | 24.0
Earth Magic    | 3 5 7 8 11 12 13 16 17 | 17.0
Dodging        | 3 5 12 15 16 20 22 | 22.0
Stealth        | 3 5 |  5.0
Transmutations | 2 10 13 14 15 | 15.0
Conjurations   | 2 5 6 7 |  7.0
Evocations     | 4 5 7 |  7.0
Necromancy     | 6 9 14 15 | 15.1
Unarmed Combat | 4 7 11 12 13 | 13.0
Translocations | 2 |  2.0
Hexes          | 5 |  5.7

Action                   |  1- 3 |  4- 6 |  7- 9 | 10-12 | 13-15 | 16-18 | 19-21 | 22-24 || total
-------------------------+-------+-------+-------+-------+-------+-------+-------+-------++-------
Melee: Unarmed           |       |       |     1 |     6 |    10 |    78 |   497 |   467 ||  1059
       Bite              |       |       |     1 |       |     4 |    29 |   116 |   113 ||   263
       Punch             |       |       |       |       |       |     3 |    45 |    68 ||   116
 Cast: Sandblast         |    49 |   145 |    52 |    43 |    45 |       |       |       ||   334
       Passwall          |     4 |     2 |     5 |     6 |     9 |     2 |     2 |     1 ||    31
       Stone Arrow       |       |       |   182 |   391 |   715 |   119 |    23 |     7 ||  1437
       Lee's Rapid Decon |       |       |       |    14 |    48 |     4 |    43 |    18 ||   127
       Borgnjor's Vile C |       |       |       |       |   355 |   362 |   412 |   238 ||  1367
       Shock             |       |       |       |       |     1 |       |       |       ||     1
       Iron Shot         |       |       |       |       |    37 |   423 |   608 |   464 ||  1532
       Statue Form       |       |       |       |       |       |    14 |    58 |    42 ||   114
       Shatter           |       |       |       |       |       |       |     5 |    14 ||    19
       Apportation       |       |       |       |       |       |       |     1 |       ||     1
       Necromutation     |       |       |       |       |       |       |       |    62 ||    62
       Irradiate         |       |       |       |       |       |       |       |    92 ||    92
 Abil: End Transformatio |       |       |       |       |       |       |     1 |     4 ||     5
       Evoke Blink       |       |       |       |       |       |       |       |     2 ||     2
Evoke: Wand              |       |       |     2 |     2 |     2 |    13 |     3 |       ||    22
       Phantom mirror    |       |       |       |     1 |       |     1 |       |     2 ||     4
       Condenser vane    |       |       |       |       |       |       |     1 |       ||     1
       Lightning rod     |       |       |       |       |       |       |       |     2 ||     2
       Box of beasts     |       |       |       |       |       |       |       |     1 ||     1
  Use: Scroll            |       |       |     7 |     1 |    14 |    15 |    16 |    16 ||    69
       Potion            |       |       |       |     1 |       |    10 |     9 |    13 ||    33
 Stab: Distracted        |       |       |     1 |       |       |       |       |       ||     1
       Invisible         |       |       |       |       |       |     5 |       |       ||     5
       Sleeping          |       |       |       |       |       |       |     1 |       ||     1
Armor: Skin              |     2 |     6 |     5 |     9 |    25 |    70 |   273 |   202 ||   592
Dodge: Dodged            |     9 |    24 |    56 |   211 |   249 |   512 |  1322 |  1245 ||  3628
Block: Other             |       |       |       |       |     6 |    78 |   255 |    77 ||   416
       Reflection        |       |       |       |       |     3 |    15 |    18 |     7 ||    43

Table legend: (Time is in decaauts)
 A = Elapsed time spent in this place.
 B = Non-inter-level travel time spent in this place.
 C = Inter-level travel time spent in this place.
 D = Time resting spent in this place.
 E = Time spent auto-exploring this place.
 F = Levels seen in this place.
 G = Mean time per level.
                   A        B        C        D        E       F      G
               +--------+--------+--------+--------+--------+-----+--------+
         Total | 111593 | 104535 |   7058 |  26633 |  46831 |  58 | 1924.0 |
       Dungeon |  19643 |  17184 |   2459 |   3039 |   7778 |  15 | 1309.5 |
        Temple |    182 |    115 |     67 |      0 |    100 |   1 |  182.0 |
          Lair |  10917 |   9979 |    938 |   2469 |   4334 |   5 | 2183.4 |
         Swamp |   6314 |   6180 |    134 |   1709 |   3178 |   4 | 1578.5 |
     Snake Pit |  15116 |  14775 |    341 |   3896 |   7282 |   4 | 3779.0 |
    Slime Pits |   5844 |   5698 |    146 |   2496 |   1590 |   5 | 1168.8 |
  Orcish Mines |   2894 |   2438 |    456 |    618 |   1141 |   2 | 1447.0 |
   Elven Halls |   7000 |   6767 |    233 |   2529 |   1422 |   3 | 2333.3 |
        Vaults |  19262 |  18220 |   1042 |   3314 |  10336 |   5 | 3852.4 |
         Crypt |   7687 |   7172 |    515 |   1851 |   2928 |   3 | 2562.3 |
          Tomb |   2335 |   2263 |     72 |    526 |   1005 |   1 | 2335.0 |
        Depths |  12675 |  12026 |    649 |   3937 |   5541 |   4 | 3168.8 |
           Zot |    214 |    214 |      0 |      3 |      0 |   1 |  214.0 |
         Abyss |   1334 |   1334 |      0 |    240 |    177 |   3 |  444.7 |
   Pandemonium |     18 |     18 |      0 |      0 |      0 |   1 |   18.0 |
         Trove |    151 |    151 |      0 |      0 |     12 |   1 |  151.0 |
               +--------+--------+--------+--------+--------+-----+--------+

Top non-repeatable levels by time:
 Snake:2: 5226 daAuts
Vaults:1: 4321 daAuts
 Snake:1: 4283 daAuts
Vaults:2: 4144 daAuts
Vaults:5: 3831 daAuts
 Crypt:1: 3821 daAuts
 Snake:4: 3806 daAuts
Depths:3: 3668 daAuts
  Lair:5: 3624 daAuts
Vaults:3: 3610 daAuts
Depths:2: 3529 daAuts
Depths:4: 3429 daAuts
Vaults:4: 3354 daAuts
   Elf:2: 2971 daAuts
 Swamp:4: 2761 daAuts
